 Dungeon Crawl Stone Soup version 0.31-a0-544-gceb718ecc6 (webtiles) character file.

Game seed: 384391640248063762

2436 Shayle the Fighter (level 9, -10/97 HPs)
             Began as an Ogre Shapeshifter on Aug 15, 2023.
             Was a Follower of Ashenzari.
             Mangled by a yak (12 damage)
             ... on level 1 of the Lair of Beasts.
             The game lasted 00:23:21 (8393 turns).

Shayle the Fighter (Ogre Shapeshifter)              Turns: 8393, Time: 00:23:22

Health: -10/97     AC:  7    Str: 21    XL:     9   Next: 49%
Magic:  19/19      EV:  9    Int: 13    God:    Ashenzari [*.....]
Gold:   333        SH:  0    Dex:  9    Spells: 22/22 levels left

rFire   + .          .
                       - Unarmed
rCold   x . .        (no shield)
rNeg    . . .        a - +0 animal skin
rPois   .            (helmet currently unavailable)
rElec   .            (cloak currently unavailable)
rCorr   .            (gloves unavailable)
SInv    .            (boots unavailable)
Will    .....        (no amulet)
Stlth   +            p - ring of the Cursed Ether {rF+, Dev, Fort} (curse)
HPRegen 0.36/turn    t - ring of Cremastomancy {AC+4, Melee, Comp} (curse)
MPRegen 0.16/turn

%: no passive effects
@: mighty, beast-form, studying Translocations
A: beast (slay +2), large, unfitting armour, tough skin 1, cold vulnerability 1
a: Begin Untransformation, Renounce Religion, Curse Item, Shatter the Chains


You were on level 1 of the Lair of Beasts.
You worshipped Ashenzari.
Ashenzari was aware of your devotion.
You were a hulking beast.
You visited 3 branches of the dungeon, and saw 10 of its levels.

You collected 333 gold pieces.

Inventory:

Hand Weapons
 b - a +2 heavy war axe
 k - a +0 executioner's axe
 m - a +5 falchion of freezing
Missiles
 w - a curare-tipped dart
Armour
 a - a +0 animal skin (worn)
 o - a +0 cloak
Jewellery
 i - a ring of protection from cold
 l - a ring of wizardry
 n - a ring of fire
 p - the cursed ring of the Cursed Ether (left hand) {rF+, Dev, Fort}
   (You found it on level 3 of the Dungeon)

   [ring of protection from fire]

   rF+:       It protects you from fire.
   It has a curse which improves the following skills: Devices: Evocations and
   Shapeshifting.
   Fortitude: Armour and Shields.
 q - a ring of poison resistance
 t - the cursed ring of Cremastomancy (right hand) {AC+4, Melee, Comp}
   (You found it on level 6 of the Dungeon)

   [ring of protection]

   AC+4:      It affects your AC (+4).
   It has a curse which improves the following skills: Melee Combat: Short
   Blades, Long Blades, Axes, Maces & Flails, Polearms, Staves and Unarmed
   Combat.
   Companions: Summonings and Necromancy.
 v - a ring of protection from cold
Talismans
 c - a beast talisman (active)
 d - a flux talisman
Scrolls
 e - a scroll of silence
 g - a scroll of teleportation
 j - 4 scrolls of immolation
Potions
 f - a potion of cancellation
 h - a potion of brilliance
 r - a potion of mutation
 u - a potion of curing


   Skills:
 + Level 8.8 Fighting
 - Level 1.7 Dodging
 + Level 6.6(7.4) Unarmed Combat
 + Level 7.1 Spellcasting
 + Level 6.1 Translocations
 - Level 3.0(3.6) Shapeshifting


You had 22 spell levels left.
You didn't know any spells.
Your spell library contained the following spells:

 Spells                   Type           Power      Damage    Failure   Level
 Summon Small Mammal      Summ           16%        N/A       14%         1
 Call Canine Familiar     Summ           4%         N/A       41%         3
 Inner Flame              Hex/Fire       4%         N/A       41%         3
 Summon Guardian Golem    Hex/Summ       4%         N/A       41%         3
 Flame Wave               Conj/Fire      4%         2d5       83%         4
 Sticky Flame             Conj/Fire      4%         2d3       83%         4


Dungeon Overview and Level Annotations

Branches:
Dungeon (8/15)             Temple (1/1) D:7            Lair (1/5) D:8

Altars:
Ashenzari
Cheibriados
Elyvilon
Fedhas
Gozag
Hepliaklqana
Nemelex Xobeh
Okawaru
Qazlal
Ru
Sif Muna
Trog
Uskayaw
Vehumet
Wu Jian
Xom
Zin
The Shining One

Portals:
Abyss: D:5

Annotations:
D:4 1 runed translucent door, Crazy Yiuf
D:5 1 transporter, Edmund; Eustachio; Pikel; SoEpicPie's ghost, weakling KoDe


Innate Abilities, Weirdness & Mutations

You are a hulking beast.
Your limbs bulge with bestial killing power. (Slay +2)
You are too large for most types of armour.
You have tough skin. (AC +1)
You are vulnerable to cold. (rC-)


Message History

The yak barely misses you.
You punch the yak!
The yak is heavily wounded.
The yak gores you. The yak gores you but does no damage.
You barely miss the yak.
The yak is heavily wounded.
The yak misses you. The yak barely misses you.
You barely miss the yak.
The yak is heavily wounded.
The yak gores you but does no damage. x2
You punch the yak! You punch the yak.
The yak is almost dead.
The yak completely misses you. The yak gores you.
You feel very mighty all of a sudden. The yak completely misses you.
The yak gores you!
You punch the yak!
You kill the yak!
Your Translocations skill increases to level 6!
You pummel the yak!!
The yak is heavily wounded.
The yak gores you!
You hit the yak.
The yak is heavily wounded.
The yak closely misses you. The yak gores you!
* * * LOW HITPOINT WARNING * * *
You punch the yak!
The yak is moderately wounded.
The yak gores you!
* * * LOW HITPOINT WARNING * * *
The yak gores you!
* * * LOW HITPOINT WARNING * * *
Okay, then.
You punch the yak! Your punch misses the yak.
The yak is severely wounded.
The yak gores you but does no damage. x2
Unknown command.
You barely miss the yak.
The yak is severely wounded.
The yak completely misses you. The yak gores you!
You die...

##P....)...........
##..........).......
....$......<.#......
..........)..# .....
............## #...
............P# ..
......Y.Y.#### .
.......#Y##
.......#h#
.......Y## .....#.#
....## #..


You could see 3 yaks.

Vanquished Creatures
  A yak (Lair:1)
  Duvessa (D:5)
  2 black bears
  An ice beast (D:6)
  A sky beast (D:7)
  A lemure (D:4)
  A centaur (D:7)
  A kobold brigand (D:7)
  A scorpion (D:7)
  Blork the orc (D:4)
  4 bullfrogs
  6 wights
  Dowan (D:5)
  3 crimson imps (D:7)
  3 hounds
  3 jellies
  2 orc priests (D:4)
  Jessica (D:3)
  2 iguanas
  A sleepcap (D:7)
  10 orc wizards
  6 gnolls
  8 adders
  A shadow imp (D:5)
  A white imp (D:7)
  An ufetubus (D:4)
  A worm (D:5)
  4 dart slugs
  22 orcs
  2 ball pythons (D:1)
  8 endoplasms
  A giant cockroach (D:1)
  6 goblins
  10 hobgoblins
  12 kobolds
  A quokka (D:1)
  2 bats (D:3)
  7 frilled lizards
  7 rats
147 creatures vanquished.

Notes
Turn   | Place    | Note
-------+----------+-------------------------------------------
     0 | D:1      | Shayle the Ogre Shapeshifter began the quest for the Orb.
     0 | D:1      | Reached XP level 1. HP: 19/19 MP: 1/1
   140 | D:1      | Reached XP level 2. HP: 28/28 MP: 1/3
   146 | D:1      | Reached skill level 2 in Fighting
   232 | D:1      | Reached skill level 1 in Spellcasting
   512 | D:1      | Reached XP level 3. HP: 36/36 MP: 3/5
  1090 | D:2      | Found a shimmering altar of Xom.
  1371 | D:2      | Reached skill level 3 in Fighting
  1421 | D:2      | Reached XP level 4. HP: 35/45 MP: 6/6
  1666 | D:3      | Found a hazy altar of Hepliaklqana.
  1667 | D:3      | Found a blossoming altar of Fedhas.
  1669 | D:3      | Found a sparkling altar of Nemelex Xobeh.
  1670 | D:3      | Found an iron altar of Okawaru.
  1670 | D:3      | Found a hide-covered altar of Uskayaw.
  1671 | D:3      | Found a radiant altar of Vehumet.
  1671 | D:3      | Found an ornate altar of the Wu Jian Council.
  1672 | D:3      | Found a glowing silver altar of Zin.
  1873 | D:3      | Noticed Jessica
  1900 | D:3      | Killed Jessica
  2153 | D:3      | Reached XP level 5. HP: 25/54 MP: 8/8
  2163 | D:3      | Reached skill level 4 in Fighting
  2454 | D:4      | Found a runed translucent door.
  2455 | D:4      | Noticed Crazy Yiuf
  2736 | D:4      | Found a broken altar of Ashenzari.
  2741 | D:4      | Became a worshipper of Ashenzari the Shackled
  2952 | D:5      | Entered Level 5 of the Dungeon
  2955 | D:5      | Reached XP level 6. HP: 46/63 MP: 10/10
  3199 | D:4      | Reached skill level 5 in Fighting
  3452 | D:4      | Noticed Blork the orc
  3458 | D:4      | Killed Blork the orc
  3699 | D:4      | Reached XP level 7. HP: 25/72 MP: 13/13
  3921 | D:4      | Identified the +4 ring mail of Misored {Rampage +Inv Will+}
  4278 | D:5      | Reached skill level 6 in Fighting
  4281 | D:5      | Noticed Pikel
  4409 | D:4      | Identified a scroll of acquirement
  4410 | D:4      | Acquired a manual of Translocations
  4547 | D:5      | Noticed Eustachio
  5146 | D:5      | Found a white marble altar of Elyvilon.
  5231 | D:5      | Noticed Dowan
  5231 | D:5      | Noticed Edmund
  5232 | D:5      | Noticed Duvessa
  5257 | D:5      | Found a transporter.
  5283 | D:6      | Reached skill level 5 in Unarmed Combat
  5283 | D:6      | Reached skill level 1 in Translocations
  5460 | D:6      | Reached skill level 5 in Spellcasting
  5614 | D:6      | Found the +1 Delatra's gloves {ID++}
  5656 | D:6      | HP: 1/114 [black bear (10)]
  5658 | D:6      | Reached XP level 8. HP: 2/84 MP: 15/15
  6364 | D:5      | Gained mutation: You are vulnerable to cold. (rC-) [potion
                  | of mutation]
  6378 | D:5      | Killed Duvessa
  6379 | D:5      | Reached skill level 7 in Fighting
  6402 | D:5      | Killed Dowan
  6430 | D:5      | Found a one-way gate to the infinite horrors of the Abyss.
  6432 | D:5      | Noticed SoEpicPie's ghost (weakling KoDe)
  6674 | D:6      | Reached * piety under Ashenzari
  7338 | D:7      | Found a shimmering altar of Xom.
  7461 | D:7      | Reached XP level 9. HP: 81/96 MP: 18/18
  7520 | D:7      | Found a staircase to the Ecumenical Temple.
  7534 | Temple   | Entered the Ecumenical Temple
  7776 | D:7      | Reached skill level 8 in Fighting
  7791 | D:7      | Reached skill level 5 in Translocations
  8346 | D:7      | You fall into a shaft and drop 1 floor!
  8346 | D:8      | Found a staircase to the Lair.
  8357 | Lair:1   | Entered Level 1 of the Lair of Beasts
  8391 | Lair:1   | HP: 2/97 [yak (14)]
  8393 | Lair:1   | Mangled by a yak

Illustrated notes

Levels and vault maps discovered:
D:1:      dpeg_arrival_houses_and_road, layout_basic, hex_intersection,
          minmay_misc_feat_rugged, minmay_split_cup_small
D:2:      layout_basic, basic_altar, chequers_serial_rivers_small_a
D:3:      layout_basic, grunt_temple_overflow_open, uniq_jessica
D:4:      layout_basic, nicolae_ashenzari_skybound, kennysheep_small_square,
          uniq_crazy_yiuf_cottage, uniq_blork_the_orc
D:5:      layout_cave_pools, kennysheep_ying_yang,
          gammafunk_ghost_abyssal_escape, uniq_duvessa, uniq_eustachio,
          uniq_pikel, uniq_edmund
D:6:      layout_basic, minmay_misc_feat_alley
D:7:      layout_gridville, led_xom_imps, minmay_temple_entry_tees,
          minmay_between
D:8:      layout_cave_pods, mainiacjoe_overflow_brackets, grunt_dithmenos_smoke,
          lightli_temple_of_fire, lair_entry_dummy, uniq_prince_ribbit1
Temple:   nicolae_temple_ecumenical_triangle
Lair:1:   layout_cave_shapes, enter_volcano_1, serial_bayou_shore_a,
          grunt_megastairs_2

Skill      XL: |  1  2  3  4  5  6  7  8  9 |
---------------+----------------------------+-----
Fighting       | 2 3 4 5 6 7 8 |  8.8
Spellcasting   | 1 2 3 4 5 6 7 |  7.1
Unarmed Combat | 3 4 5 6 |  6.6
Translocations | 2 4 6 |  6.1
Dodging        | |  1.7
Shapeshifting  | |  3.0

Action                     |  1- 3 |  4- 6 |  7- 9 || total
---------------------------+-------+-------+-------++-------
  Melee: Unarmed           |    96 |   197 |   312 ||   605
         Punch             |     3 |     2 |    13 ||    18
         Executioner's axe |       |       |    19 ||    19
 Invoke: Curse Item        |       |       |     2 ||     2
    Use: Potion            |       |     6 |     7 ||    13
         Scroll            |       |     3 |     7 ||    10
   Stab: Sleeping          |     2 |       |       ||     2
 Armour: Animal skin       |    22 |    48 |    84 ||   154
         Skin              |       |       |    40 ||    40
  Dodge: Dodged            |    33 |    80 |   153 ||   266

Table legend: (Time is in decaauts)
 A = Elapsed time spent in this place.
 B = Non-inter-level travel time spent in this place.
 C = Inter-level travel time spent in this place.
 D = Time resting spent in this place.
 E = Time spent auto-exploring this place.
 F = Levels seen in this place.
 G = Mean time per level.
                   A        B        C        D        E       F      G
               +--------+--------+--------+--------+--------+-----+--------+
         Total |   8341 |   7896 |    445 |   2446 |   3349 |  10 |  834.1 |
       Dungeon |   8202 |   7757 |    445 |   2346 |   3349 |   8 | 1025.2 |
        Temple |    105 |    105 |      0 |    100 |      0 |   1 |  105.0 |
          Lair |     33 |     33 |      0 |      0 |      0 |   1 |   33.0 |
               +--------+--------+--------+--------+--------+-----+--------+

Top non-repeatable levels by time:
     D:4: 2567 daAuts
     D:6: 1581 daAuts
     D:7: 908 daAuts
     D:1: 897 daAuts
     D:2: 797 daAuts
     D:3: 751 daAuts
     D:5: 688 daAuts
  Temple: 105 daAuts
  Lair:1: 33 daAuts
     D:8: 10 daAuts
